Map: Reclamation LE

Players

fris

  • Race: Terran Terran
  • League: Master
  • Spawn Location: 5:00

ricko

  • Race: Terran Terran
  • League: Diamond
  • Spawn Location: 6:00

A.I. 3 (Elite)

  • Race: Terran Terran
  • Spawn Location: 12:00

A.I. 4 (Elite)

  • Race: Terran Terran
  • Spawn Location: 11:00

VOD

Have the link to the VOD?

Description

Time

  • Played on: June 11, 2026, noon
  • Length: 9:58
Show
View Real Time Build Order
Export as new Build Order

fris Terran 

Build Orders: Reaper Expand 

Get SALT Encoding   

  12  0:00  SCV  
  13  0:12  SCV  
  14  0:18  Supply Depot  
  14  0:25  SCV  
  15  0:40  SCV  
  15  0:41  Barracks  
  16  0:48  Refinery  
  16  0:52  SCV  
  17  1:04  SCV  
  18  1:19  SCV  
  19  1:34  Command Center, Reaper  
  20  1:40  Orbital Command  
  20  1:59  Supply Depot  
  20  2:05  SCV  
  21  2:09  Barracks Reactor  
  21  2:14  Barracks  
  21  2:17  SCV  
  22  2:27  Barracks  
  22  2:29  SCV  
  23  2:41  SCV  
  24  2:46  Marine x2  
  24  2:48  Orbital Command  
  26  2:53  SCV  
  27  3:02  Barracks Tech Lab  
  27  3:06  SCV, Marine x2  
  27  3:11  Engineering Bay  
  30  3:15  Barracks Tech Lab  
  30  3:18  SCV x2  
  32  3:23  Supply Depot  
  32  3:26  Stimpack  
  32  3:27  Marine x2  
  32  3:28  Marine  
  32  3:30  SCV  
  32  3:32  SCV  
  37  3:37  Marine  
  37  3:39  Terran Infantry Weapons Level 1  
  38  3:42  SCV  
  38  3:45  SCV  
  38  3:46  Refinery  
  38  3:48  Marine x3  
  43  3:56  SCV, Marine  
  43  4:00  Combat Shield  
  43  4:01  Supply Depot  
  45  4:04  Supply Depot  
  45  4:06  Marine  
  45  4:09  Marauder  
  48  4:16  Marauder  
  50  4:17  Marine  
  50  4:24  Marine  
  52  4:29  Marine  
  53  4:34  Supply Depot  
  53  4:35  Marine  
  53  4:37  Marine  
  53  4:38  SCV x2  
  57  4:41  Marine  
  58  4:45  Factory  
  58  4:47  Marine  
  58  4:50  Refinery, SCV x2  
  58  4:52  Marine  
  61  4:55  Marine  
  63  5:02  Supply Depot, SCV  
  63  5:03  SCV  
  63  5:06  Concussive Shells  
  65  5:09  Barracks, Marine x2  
  65  5:10  Marine  
  65  5:11  Barracks  
  68  5:22  Marine  
  68  5:27  Marine x2  
  71  5:29  Marine  
  71  5:32  Missile Turret  
  71  5:40  Marine  
  70  5:45  Marine, Factory Reactor  
  70  5:48  Starport  
  57  6:06  Marine  
  57  6:07  Marine x3  
  53  6:24  Barracks Reactor x2, Marine  
  53  6:25  Marine x3  
  53  6:38  Medivac x2  
  53  6:39  SCV x2  
  59  6:42  Marine x2  
  59  6:43  Refinery  
  59  6:45  Marine x2  
  63  6:51  SCV x2  
  63  6:53  Starport  
  62  7:00  Supply Depot, Marine x2, Factory Reactor  
  64  7:01  Marine  
  64  7:02  Marine x4  
  64  7:03  Marine, SCV x2  
  64  7:08  Medivac, Terran Infantry Armor Level 1  
  74  7:15  SCV x2  
  76  7:17  Medivac  
  76  7:18  Marine  
  76  7:21  Marine  
  76  7:22  Marine x5  
  84  7:23  Marine  
  84  7:27  SCV x2  
  88  7:37  Supply Depot  
  88  7:40  Supply Depot  
  88  7:44  Fusion Core, SCV  
  88  7:46  Marine  
  88  7:47  Marine x4  
  94  7:53  Marine x3  
  101  8:03  SCV x2  
  101  8:04  Marine x4  
  101  8:05  Marine  
  108  8:09  Liberator x3  
  98  8:47  Marine x8  
  96  9:05  Marine x8  
  96  9:21  Medivac  
  96  9:22  Marine  
  96  9:23  Marine x7, SCV  
Show
View Real Time Build Order
Export as new Build Order

ricko Terran 

Build Orders: Reaper Expand, Mech 

Get SALT Encoding   

  12  0:00  SCV  
  13  0:12  SCV  
  14  0:17  Supply Depot  
  14  0:25  SCV  
  15  0:39  SCV  
  15  0:41  Barracks  
  16  0:49  Refinery  
  16  0:51  SCV  
  17  1:04  SCV  
  18  1:16  SCV  
  19  1:30  Orbital Command  
  19  1:32  Reaper  
  20  1:40  Command Center  
  20  1:47  Supply Depot  
  20  1:57  SCV  
  21  2:05  Barracks Reactor  
  21  2:09  SCV  
  21  2:13  Barracks  
  22  2:18  Barracks  
  22  2:21  SCV  
  23  2:33  SCV  
  24  2:41  Marine  
  24  2:42  Marine  
  26  2:45  SCV  
  27  2:52  Orbital Command  
  27  3:02  Engineering Bay  
  27  3:03  Barracks Tech Lab  
  27  3:05  SCV, Barracks Tech Lab  
  28  3:08  Supply Depot  
  28  3:11  Marine x2  
  30  3:17  SCV  
  31  3:21  SCV  
  31  3:25  Marine x2  
  31  3:27  Stimpack  
  34  3:29  Marine, SCV  
  34  3:31  Terran Infantry Weapons Level 1  
  34  3:33  SCV  
  37  3:37  Refinery  
  37  3:38  Marine  
  38  3:41  SCV  
  38  3:42  Marine  
  38  3:43  Marine  
  38  3:45  SCV  
  38  3:46  Marine  
  43  3:52  Supply Depot  
  43  3:56  Marine  
  43  3:59  Combat Shield  
  43  4:01  SCV  
  45  4:03  Marine  
  45  4:04  Marine  
  48  4:12  Marauder  
  48  4:13  SCV  
  48  4:14  SCV, Marine  
  52  4:20  Supply Depot  
  52  4:21  Marine  
  53  4:25  SCV  
  53  4:26  SCV  
  53  4:29  Factory  
  55  4:33  Refinery  
  55  4:37  SCV  
  55  4:38  SCV  
  57  4:39  Marine  
  57  4:40  Marauder  
  57  4:42  Marine x2  
  57  4:44  Supply Depot  
  62  4:49  SCV  
  63  4:57  Marine  
  63  4:59  Marine  
  64  5:00  Marine, SCV  
  64  5:01  Marauder, SCV  
  64  5:06  Supply Depot  
  70  5:13  SCV x2  
  72  5:15  Marine  
  72  5:17  Marine  
  72  5:18  Marine  
  72  5:19  Starport  
  72  5:20  Factory Tech Lab  
  72  5:21  Factory Reactor  
  75  5:25  SCV x2  
  77  5:29  Refinery, Barracks x2  
  77  5:32  Marine  
  77  5:33  Marine  
  61  5:54  Marine x2  
  61  5:55  Marine, Marauder  
  54  6:00  SCV  
  55  6:16  Factory Tech Lab  
  55  6:17  Marine  
  56  6:19  Barracks Reactor x2  
  56  6:21  Medivac  
  56  6:22  Medivac  
  56  6:23  SCV x2, Marine  
  56  6:24  Marine x2  
  65  6:32  Terran Infantry Armor Level 1  
  65  6:33  Supply Depot  
  65  6:35  SCV  
  65  6:36  Supply Depot  
  66  6:40  Marine  
  66  6:41  Marine, Siege Tank  
  66  6:45  SCV  
  74  6:47  SCV  
  74  6:50  Supply Depot  
  75  6:57  SCV  
  75  6:58  Marine  
  75  6:59  Marine  
  76  7:04  Barracks Reactor, Factory  
  76  7:05  Barracks Reactor  
  76  7:07  Factory  
  76  7:09  SCV x2  
  76  7:11  Medivac  
  76  7:13  Siege Tank  
  76  7:14  Supply Depot x2  
  83  7:19  Marine x6  
  89  7:34  SCV x2  
  91  7:37  Marine x6  
  91  7:42  Supply Depot  
  91  7:43  Medivac  
  99  7:45  Supply Depot  
  99  7:50  Command Center  
  101  7:51  Marine x3  
  101  7:55  Marine x6  
  101  7:56  Siege Tank  
  111  8:00  Siege Tank  
  115  8:05  SCV  
  115  8:06  SCV, Supply Depot  
  115  8:08  Medivac  
  115  8:09  Supply Depot  
  115  8:10  Marine  
  115  8:12  Marine  
  120  8:13  Medivac  
  120  8:14  Marine  
  114  9:02  Siege Tank x3  
  123  9:03  Refinery, Medivac x2  
  123  9:04  Marine x10  
  130  9:22  Marine x8  
Show
View Real Time Build Order
Export as new Build Order

A.I. 3 (Elite) Terran 

Build Orders:  

Get SALT Encoding   

  12  0:01  SCV  
  13  0:13  SCV  
  14  0:18  Supply Depot  
  14  0:25  SCV  
  15  0:29  Refinery  
  15  0:40  SCV  
  16  0:47  Barracks  
  16  0:52  SCV  
  17  1:04  SCV  
  18  1:09  Supply Depot  
  18  1:16  SCV  
  19  1:28  SCV  
  20  1:34  Marine  
  20  1:37  Factory  
  21  1:44  Barracks  
  21  1:45  SCV  
  22  1:52  Marine  
  23  1:57  SCV  
  24  2:02  Supply Depot  
  24  2:09  SCV, Marine  
  26  2:21  SCV  
  26  2:22  Factory Tech Lab  
  27  2:27  Marine  
  28  2:33  SCV  
  28  2:34  Marine  
  30  2:42  Siege Tank  
  33  2:45  SCV  
  33  2:50  Barracks Tech Lab  
  34  2:57  Orbital Command  
  34  3:09  Concussive Shells, Marauder  
  36  3:14  Barracks Tech Lab  
  36  3:15  Hellion  
  38  3:34  Supply Depot  
  38  3:35  Marine  
  39  3:44  Command Center  
  39  3:55  Marine x2  
  39  3:56  Hellion  
  43  4:08  SCV  
  43  4:09  Supply Depot  
  44  4:13  Marine x2, Refinery  
  46  4:20  SCV  
  46  4:21  Supply Depot  
  47  4:30  Siege Tank  
  50  4:31  Marine  
  50  4:32  Marauder  
  52  4:48  Stimpack  
  52  4:49  Marauder  
  54  4:52  Marine  
  54  4:56  Supply Depot, SCV x2  
  57  5:06  Refinery  
  57  5:08  SCV  
  57  5:09  SCV  
  57  5:11  Marauder  
  57  5:12  Marauder  
  63  5:20  SCV  
  63  5:21  SCV  
  65  5:32  SCV, Marauder  
  65  5:33  SCV, Marauder  
  71  5:44  Siege Tank, SCV  
  71  5:47  SCV  
  66  5:54  Marauder, Marine  
  66  5:56  SCV  
  55  5:59  SCV  
  47  6:08  SCV  
  46  6:11  SCV  
  46  6:13  Marauder  
  46  6:14  Marine  
  46  6:16  Siege Tank  
  46  6:18  Refinery  
  48  6:20  SCV  
  48  6:24  SCV  
  50  6:33  SCV, Marauder, Marine  
  50  6:36  SCV  
  55  6:45  SCV  
  56  6:47  Barracks  
  56  6:49  SCV  
  56  6:50  Starport  
  56  6:51  Marine  
  60  6:54  Marauder  
  60  6:57  SCV  
  60  7:01  Command Center  
  60  7:09  Marine  
  60  7:13  SCV  
  60  7:15  Marine  
  63  7:16  SCV  
  64  7:26  SCV  
  64  7:27  Marine, Medivac  
  64  7:28  SCV  
  69  7:33  Marauder  
  69  7:34  Marine  
  69  7:35  Engineering Bay  
  72  7:38  SCV  
  72  7:41  SCV  
  74  7:45  Marine  
  74  7:50  SCV  
  76  7:52  Barracks Reactor  
  76  7:54  Marine  
  76  7:55  SCV  
  76  7:56  Supply Depot  
  78  8:02  SCV  
  78  8:03  Terran Infantry Weapons Level 1, Marauder  
  81  8:09  Siege Tank  
  86  8:13  Marauder  
  86  8:14  SCV x2  
  86  8:15  SCV  
  89  8:24  Marine  
  89  8:26  SCV  
  91  8:27  SCV  
  91  8:28  Marine  
  91  8:30  SCV  
  91  8:32  Marine  
  94  8:37  Marine  
  94  8:38  SCV  
  94  8:39  Supply Depot  
  94  8:40  SCV  
  82  8:41  Siege Tank  
  82  8:42  Marine, SCV  
  82  8:46  Marine  
  71  8:50  Marine  
  71  8:53  SCV  
  69  8:55  Marauder  
  69  9:00  Marine  
Show
View Real Time Build Order
Export as new Build Order

A.I. 4 (Elite) Terran 

Build Orders:  

Get SALT Encoding   

  12  0:01  SCV  
  13  0:13  SCV  
  14  0:18  Supply Depot  
  14  0:25  SCV  
  15  0:39  SCV  
  16  0:45  Barracks  
  16  0:52  SCV  
  17  1:04  SCV  
  18  1:11  Refinery  
  18  1:14  Supply Depot  
  18  1:16  SCV  
  19  1:28  SCV  
  20  1:34  Marine  
  21  1:44  Command Center  
  21  2:08  Barracks  
  21  2:09  SCV  
  21  2:12  Marine  
  21  2:15  Factory  
  23  2:21  SCV  
  24  2:27  Supply Depot  
  24  2:31  Marine  
  24  2:33  SCV  
  26  2:45  SCV  
  26  2:49  Marine  
  28  2:56  Orbital Command  
  28  2:57  SCV  
  29  3:00  Factory Tech Lab  
  29  3:05  Refinery  
  29  3:14  Orbital Command  
  29  3:15  Marine  
  29  3:19  Marine  
  31  3:25  SCV  
  32  3:33  Marine  
  33  3:37  Marine, SCV  
  33  3:39  SCV  
  36  3:46  Barracks  
  36  3:49  SCV  
  36  3:51  Marine, SCV  
  36  3:55  Barracks Tech Lab  
  39  4:01  SCV, Starport  
  40  4:03  SCV  
  41  4:10  Barracks Tech Lab  
  41  4:13  SCV, Marine  
  41  4:14  Stimpack  
  41  4:16  SCV  
  44  4:23  Supply Depot  
  44  4:25  SCV  
  44  4:27  Combat Shield  
  44  4:28  SCV, Marine  
  44  4:31  Marine  
  47  4:32  Marine  
  47  4:37  SCV  
  50  4:38  Medivac  
  50  4:44  SCV  
  53  4:46  Marine  
  53  4:47  Supply Depot  
  53  4:49  Marine, SCV  
  53  4:50  Supply Depot, Marine  
  57  4:59  SCV  
  58  5:01  SCV  
  58  5:04  Marauder  
  61  5:08  Marine  
  61  5:09  Marauder  
  61  5:10  Refinery  
  61  5:11  SCV  
  61  5:13  SCV  
  66  5:16  Refinery  
  66  5:23  SCV  
  66  5:24  Engineering Bay  
  66  5:25  SCV  
  66  5:26  Marauder  
  70  5:29  Supply Depot, Barracks Reactor  
  70  5:31  Marauder  
  70  5:33  Command Center  
  70  5:35  SCV  
  55  5:44  SCV  
  55  5:47  Marine, SCV  
  57  5:51  Terran Infantry Weapons Level 1, Marine  
  57  5:56  SCV  
  59  5:59  SCV  
  59  6:03  Siege Tank  
  63  6:04  Marine  
  63  6:05  Marine x2  
  63  6:08  SCV  
  63  6:10  Marauder  
  69  6:11  SCV  
  70  6:20  SCV  
  70  6:21  Missile Turret  
  70  6:23  Marine, Marauder  
  70  6:24  Missile Turret  
  74  6:28  Barracks, Starport Reactor  
  74  6:29  Supply Depot, Command Center  
  74  6:35  Siege Tank  
  74  6:39  Marine  
  78  6:40  Marine  
  78  6:41  Marine  
  78  6:44  Marine  
  81  6:51  Engineering Bay  
  81  6:54  Supply Depot  
  81  6:57  Marine  
  81  6:59  Marauder  
  84  7:01  Marine  
  84  7:03  Marine, Medivac  
  84  7:06  Medivac  
  84  7:07  Siege Tank  
  93  7:15  Marine  
  94  7:17  Terran Infantry Armor Level 1  
  94  7:18  Missile Turret  
  94  7:19  Marine  
  94  7:20  Marauder, Supply Depot  
  94  7:21  Concussive Shells  
  97  7:34  Marauder  
  97  7:36  Factory  
  99  7:38  Missile Turret  
  99  7:39  Siege Tank  
  99  7:41  Marauder, SCV  
  99  7:42  SCV  
  99  7:43  SCV  
  107  7:46  Supply Depot  
  106  7:53  SCV  
  106  7:54  SCV  
  106  7:55  SCV  
  109  8:03  Missile Turret  
  109  8:05  Marauder, SCV  
  111  8:06  SCV, Missile Turret  
  111  8:08  SCV  
  111  8:11  Widow Mine  
  116  8:14  Supply Depot  
  116  8:15  Marauder  
  116  8:18  SCV  
  116  8:19  SCV  
  120  8:20  Widow Mine, SCV  
  120  8:25  Viking  
  120  8:26  Marine  
  126  8:28  Marine  
  126  8:29  Marine  
  126  8:30  SCV, Marine  
  126  8:32  SCV  
  126  8:33  Siege Tank  
  90  8:36  Marine  
  87  8:42  SCV  
  87  8:44  SCV  
  87  8:45  Marauder  
  87  8:46  Marine  
  87  8:47  Marine  
  87  8:48  Marine  
  86  8:54  SCV, Marine  
  79  8:56  SCV  
  71  9:03  Marine  
  71  9:04  Marine  
  71  9:06  Marauder  
  64  9:12  Marine  
  41  9:18  Marine, SCV  
  41  9:21  Marine  
  15  9:25  SCV  
  15  9:27  Marauder  
  14  9:33  Marine x2  
  14  9:37  SCV  
Tags
 
Add a new tag
Caveats
  • Supply blocks, unpowered buildings, or Contaminate may cause inaccurate times.
  • Supply counts are checked every 10 seconds.